Cogmind - Beta 14 @@@ ROGUE MODE // 2024.08.22 @ 19:40:47 Player: Zeia Result: Destroyed by C4-AUZ(R) with Subdweller Laser Performance ------------- Evolutions (0) 0 Regions Visited (2) 400 Robots Destroyed (43) 215 Value Destroyed (1199) 1199 Prototype IDs (3) 60 Alien Tech Used (0) 0 Bonus (0) 0 TOTAL SCORE: 1874 Bonus ------- None Cogmind --------- Core Integrity 0/250 Matter 297/300 Energy 180/200 System Corruption 0% Temperature Cool (6) Movement Rolling (129) Ox2 Location -10/Subcaves Parts ------- > --- POWER (1) -------- Subdweller Power Source > --- PROPULSION (2) --- Compact Wheel Subdweller Monowheel > --- UTILITY (2) ------ Huge Storage Unit Signal Interpreter > --- WEAPON (2) ------- Subdweller Beam Cannon Heavy Assault Rifle > --- INVENTORY (25) --- Subdweller Power Source Subdweller Power Source Subdweller Power Source Subdweller Power Source Spiked Treads Spiked Treads Subdweller Monowheel Subdweller Monowheel Large Storage Unit High-capacity Storage Unit Large Matter Pod (150) Subdweller Optics Subdweller Optics Scrap Shield Tractor Beam EM Pulse Gun Beam Cannon Battle Rifle Subdweller Machine Gun Subdweller Machine Gun Subdweller Machine Gun Battle Cannon Grenade Launcher Mace Peak State ------------ > --- POWER ------------ (None) > --- PROPULSION ------- Compact Wheel Compact Wheel > --- UTILITY ---------- High-capacity Storage Unit Power Bank > --- WEAPON ----------- Heavy Assault Rifle Heavy Assault Rifle > --- INVENTORY -------- Light Ion Engine Subdweller Power Source Subdweller Power Source Subdweller Power Source Subdweller Monowheel Large Storage Unit Huge Storage Unit Large Matter Pod Subdweller Optics Signal Interpreter Scrap Shield Tractor Beam EM Pulse Gun Beam Cannon Subdweller Beam Cannon Heavy Assault Rifle Subdweller Machine Gun Grenade Launcher Mace [Rating: 19] Favorites ----------- Power Ion Engine Engine Ion Engine Propulsion Compact Wheel Treads Light Treads Wheel Compact Wheel Utility Large Storage Unit Device Seismic Detector Storage Large Storage Unit Processor Signal Interpreter Protection Makeshift Light Armor Plating Weapon Heavy Assault Rifle Energy Cannon Subdweller Beam Cannon Ballistic Gun Heavy Assault Rifle Launcher Grenade Launcher Impact Weapon Mace Build | -11 -10 -10 ------- Run | Yrd Mat Sub Slots Evolved . | . . . Power . | . . . Propulsion . | . . . Utility . | . . . Weapon . | . . . Parts Attached 45 | 8 16 21 Power 4 | 2 . 2 Engine 4 | 2 . 2 Core . | . . . Reactor . | . . . Propulsion 11 | 2 2 7 Treads 6 | 2 2 2 Leg . | . . . Wheel 5 | . . 5 Hover . | . . . Flight . | . . . Utility 14 | 2 7 5 Device 4 | 1 2 1 Storage 7 | 1 4 2 Processor 1 | . . 1 Hackware . | . . . Protection 2 | . 1 1 Artifact . | . . . Weapon 16 | 2 7 7 Energy Gun . | . . . Energy Cannon 3 | . . 3 Ballistic Gun 9 | 2 5 2 Ballistic Cannon . | . . . Launcher 3 | . 2 1 Special Weapon . | . . . Impact Weapon 1 | . . 1 Slashing Weapon . | . . . Piercing Weapon . | . . . Special Melee Weapon . | . . . Unidentified Prototypes 1 | . . 1 Parts Lost 11 | . 2 9 Power 2 | . . 2 Propulsion 3 | . 1 2 Utility 3 | . 1 2 Weapon 3 | . . 3 Highest Loss Streak 4 | . 1 4 To Critical Strikes . | . . . Average Slot Usage (%) 93 | . 97 90 Engine 12 | . 14 10 Treads 13 | . 27 1 Wheel 13 | . . 25 Device 3 | . 5 1 Storage 13 | . 14 13 Protection 8 | . 6 10 Energy Cannon 5 | . . 10 Ballistic Gun 19 | . 23 15 Launcher 1 | . 4 . Peak Build Rating 19 | 7 10 19 Average Rating 12 | 4 9 15 On Entrance 5 | . 7 10 Naked Turns . | . . . Heaviest Build 100 | 13 34 100 Greatest Support 40 | 40 40 40 Greatest Overweight (x) 5 | . 1 5 Average Overweight (x) 1 | . . 2 Largest Inventory Capacity 25 | 8 25 25 Average Capacity 19 | 7 14 23 Most Carried 25 | 6 14 25 Average Carried 15 | 3 10 20 Final Capacity 25 | 8 15 25 Final Carried 25 | 6 14 25 Class Distribution -------------------- 100% | Mutant Dominant Class ---------------- Mutant | -10/Materials Mutant | -10/Subcaves Resources | -11 -10 -10 ----------- Run | Yrd Mat Sub Matter Collected 1190 | 222 579 389 Remotely 136 | . 136 . Salvage Created 1338 | 87 595 656 Parts 97 | 8 33 56 Haulers Intercepted 1 | . 1 . Recyclers Shooed . | . . . Parts Field Recycled . | . . . Retrieved Matter . | . . . Parts Self-Destructed 19 | . . 19 Prevented . | . . . Kills | -11 -10 -10 ------- Run | Yrd Mat Sub Combat Hostiles Destroyed 37 | . 19 18 Guns 20 | . 13 7 Cannons 8 | . . 8 AOE 8 | . 6 2 Classes Destroyed 7 | 2 4 1 Tunneler 2 | 2 . . Hauler 1 | . 1 . Recycler 2 | 1 1 . Watcher 1 | . 1 . Swarmer 9 | . 6 3 Grunt 13 | . 13 . Subdweller 15 | . . 15 Best Kill Streak 6 | 3 6 3 Combat Bots Only 5 | . 5 3 Max Kills in Single Turn 3 | 2 3 2 Gunslinging . | . . . Exploded 3 | . 3 2 Melee . | . . . Uniques/NPCs Destroyed . | . . . Combat | -11 -10 -10 -------- Run | Yrd Mat Sub Hostile Shots Fired 137 | . 69 68 Missed 35 | . 19 16 Damage Taken 1617 | . 551 1066 Core 262 | . 82 180 Absorbed by Shields . | . . . Core Remaining (%) 100 | 100 . . Volleys Fired 88 | 5 36 47 Largest 2 | 2 2 2 Hottest 103 | 40 53 103 Shots Fired 159 | 10 65 84 Gun 121 | 10 57 54 Cannon 28 | . . 28 Launcher 10 | . 8 2 Special . | . . . Kinetic 121 | 10 57 54 Thermal 28 | . . 28 Explosive 10 | . 8 2 Electromagnetic . | . . . Robot Hit Streak 42 | 3 12 42 Robot Miss Streak 2 | 2 2 1 Penetration Max . | . . . Secondary Targets 3 | . 2 1 Max Gunslinging Chain 1 | . 1 1 Shots Hit Robots 117 | 6 47 64 Core Hits 67 | 5 33 29 Critical Kills 2 | . . 2 Critical Parts Destroyed . | . . . Critical Strikes 3 | . . 3 Meltdown 1 | . . 1 Destroy 2 | . . 2 Melee Attacks 3 | . . 3 Impact 3 | . . 3 Slashing . | . . . Piercing . | . . . Sneak Attacks . | . . . Combat Hostiles . | . . . Follow-up Attacks . | . . . Damage Inflicted 2397 | 57 1142 1198 Guns 1366 | 57 678 631 Cannons 523 | . . 523 Explosions 508 | . 464 44 Melee . | . . . Ramming . | . . . Kinetic 1366 | 57 678 631 Thermal 523 | . . 523 Explosive 508 | . 464 44 Electromagnetic . | . . . Impact . | . . . Slashing . | . . . Piercing . | . . . Highest Corruption . | . . . Average Corruption . | . . . Corruption Purged . | . . . Corruption Blocked . | . . . Overload Shots . | . . . Overflow Damage 7 | . . 7 Projectiles 7 | . . 7 Explosions . | . . . Melee . | . . . Knockbacks . | . . . Impact . | . . . Kinetic . | . . . Secondary . | . . . Self-Inflicted Damage 39 | . 39 . Shots 1 | . 1 . Rammed . | . . . Targets Rammed . | . . . Kicked . | . . . Crushed . | . . . Highest Temperature 19 | . 19 8 Average Temperature 6 | . 6 5 Received Heat Transfer 384 | . 231 153 Siege Activations . | . . . Robots Corrupted . | . . . Combat Hostiles . | . . . Parts Fried . | . . . Impact Corruptions . | . . . Robots Melted 1 | . . 1 Combat Hostiles 1 | . . 1 Parts Melted 3 | . . 3 Heat Transferred 851 | . . 851 Parts Sabotaged . | . . . Parts Stolen . | . . . Parts Stripped . | . . . Power Chain Reactions . | . . . Alert | -11 -10 -10 ------- Run | Yrd Mat Sub Peak Influence 317 | 15 317 . Initial 9 | . 9 . Average 143 | 4 152 . Maximum Alert Level 1 | . 1 . Low Security (%) 74 | 100 73 . Level 1 25 | . 26 . Level 2 . | . . . Level 3 . | . . . Level 4 . | . . . Level 5 . | . . . High Security . | . . . Max Security . | . . . Squads Dispatched 4 | . 4 . Investigation 2 | . 2 . Extermination . | . . . Reinforcement 2 | . 2 . Assault . | . . . Garrison . | . . . Intercept . | . . . Searches Triggered . | . . . Construction Impeded . | . . . Haulers Reinforced . | . . . Active Scanning Responses . | . . . Cargo Convoy Interrupts . | . . . Stealth | -11 -10 -10 --------- Run | Yrd Mat Sub Distress Signals 3 | . 3 . Communications Jammed . | . . . Distress Signals . | . . . Times Spotted 44 | . 25 19 Peak Tracking Total 4 | . 4 3 Tactical Retreats 1 | . 1 . Traps | -11 -10 -10 ------- Run | Yrd Mat Sub Traps Triggered 2 | . 2 . Indirectly . | . . . Trap Hack Attempts . | . . . Triggered . | . . . Disarmed . | . . . Reprogrammed . | . . . Reused . | . . . Traps Extracted . | . . . Installed . | . . . Triggered . | . . . Machines | -11 -10 -10 ---------- Run | Yrd Mat Sub Machines Disabled 1 | . 1 . Max in Single Turn 1 | . 1 . Machines Repaired . | . . . Machines Dismantled . | . . . Machines Sabotaged . | . . . Overloaded Fab Kills . | . . . Hacking | -11 -10 -10 --------- Run | Yrd Mat Sub Machines Accessed 6 | . 6 . Terminals 6 | . 6 . Fabricators . | . . . Repair Stations . | . . . Recycling Units . | . . . Scanalyzers . | . . . Garrison Access . | . . . Total Hacks 18 | . 18 . Successful 4 | . 4 . Failed 14 | . 14 . Catastrophic 3 | . 3 . Database Lockouts . | . . . Manual 13 | . 13 . Terminals 18 | . 18 . Fabricators . | . . . Repair Stations . | . . . Recycling Units . | . . . Scanalyzers . | . . . Garrison Access . | . . . Terminal Hacks 4 | . 4 . Robot Analysis 2 | . 2 . Prototype ID Bank 1 | . 1 . Locate Traps 1 | . 1 . Fabricator Hacks . | . . . Repair Station Hacks . | . . . Recycling Unit Hacks . | . . . Scanalyzer . | . . . Garrison Access Hacks . | . . . Unauthorized Hacks . | . . . Terminals . | . . . Fabricators . | . . . Repair Stations . | . . . Recycling Units . | . . . Scanalyzers . | . . . Garrison Access . | . . . Data Cores Recovered . | . . . Used . | . . . Hacking Detections 6 | . 6 . Full Trace Events 2 | . 2 . Feedback Events . | . . . Feedback Blocked . | . . . Robot Schematics Acquired . | . . . Robots Built . | . . . Authchips . | . . . Time . | . . . Total Robot Build Rating . | . . . Part Schematics Acquired . | . . . Parts Built . | . . . Authchips . | . . . Time . | . . . Total Part Build Rating . | . . . Parts Repaired . | . . . Time . | . . . Parts Recycled . | . . . Recycled Matter . | . . . Retrieved Matter . | . . . Retrieved Components . | . . . Parts Scanalyzed . | . . . Part Schematics Acquired . | . . . Parts Damaged . | . . . Bothacking | -11 -10 -10 ------------ Run | Yrd Mat Sub Used RIF Installer . | . . . Robots Hacked . | . . . Non-combat . | . . . Combat . | . . . Robot Hacks Applied . | . . . Relay Couplers Released . | . . . Fabnet Peak Effective % . | . . . Robots Rewired . | . . . Allies Hacked . | . . . Hacks Repelled . | . . . Allies | -11 -10 -10 -------- Run | Yrd Mat Sub Total Allies . | . . . Largest Group . | . . . Highest-Rated Group . | . . . Highest-Rated Ally . | . . . Total Orders . | . . . Ally Attacks . | . . . Total Damage . | . . . Kills . | . . . Allies Corrupted . | . . . Allies Melted . | . . . Intel | -11 -10 -10 ------- Run | Yrd Mat Sub Robot Analysis Total 2 | . 2 . Derelict Logs Recovered 1 | . . 1 Drone Launches . | . . . Drone Recoveries . | . . . Exploration | -11 -10 -10 ------------- Run | Yrd Mat Sub Turns Passed 3424 | 89 1548 1787 Spaces Moved 1902 | 38 733 1131 Core 1 | 1 . . Treads 795 | 37 733 25 Legs . | . . . Wheels 1106 | . . 1106 Hover . | . . . Flight . | . . . Fastest Speed 50 | 50 160 115 Average Speed 147 | 157 162 137 Slowest Speed 360 | 160 240 360 Overloaded Moves . | . . . Propulsion Burnouts . | . . . Robots Hopped . | . . . Cave-ins Triggered . | . . . Exploration Rate (%) 54 | 4 89 70 Regions Visited 2 Branch Regions 1 Pre-discovered Areas . | . . . Known Exits Taken . | . . . Unknown Exits Taken 2 | 1 1 . Scrap Searched 11 | . . 11 Spaces Dug . | . . . Terrain Destroyed 38 | . 32 6 Melee . | . . . Projectile 2 | . . 2 AOE 36 | . 32 4 Terrain Rammed . | . . . Walls Destroyed . | . . . Machines Disabled . | . . . Actions | -11 -10 -10 --------- Run | Yrd Mat Sub Total 2347 | 55 1021 1271 Wait 269 | . 221 48 Move 1900 | 37 732 1131 Hop . | . . . Pick Up 31 | 5 8 18 Fast Attach 17 | 7 7 3 Attach 8 | . . 8 Detach 3 | . 2 1 Swap 20 | 1 9 10 Drop 8 | . 6 2 Fire 88 | 5 36 47 Melee 3 | . . 3 Ram . | . . . Kick . | . . . Crush . | . . . Escape Stasis . | . . . Rewire . | . . . Trap . | . . . Miscellaneous . | . . . Route ------- -11/Scrapyard -10/Materials (discovered 5 exits: [*Mat x3] / [*Min] / [*Sub]) -10/Subcaves (discovered 1 exit: [*Mat]) History --------- Turn | Location | Event 40 | -11/Scrapyard | Discovered new exit (range 15) 90 | -11/Scrapyard | Entered Materials 308 | -10/Materials | Build established: Mutant 329 | -10/Materials | Discovered new exit (range 16) 826 | -10/Materials | Discovered new exit (range 3) 976 | -10/Materials | Discovered new exit (range 7) 1229 | -10/Materials | Discovered new exit (range 12) 1617 | -10/Materials | Discovered new exit (range 5) 1638 | -10/Materials | Entered Subcaves 1658 | -10/Subcaves | A Subdweller sparked back to life 1658 | -10/Subcaves | A Subdweller sparked back to life 1658 | -10/Subcaves | A Subdweller sparked back to life 1694 | -10/Subcaves | Found Prototype Device 1694 | -10/Subcaves | Identified Power Bank 1695 | -10/Subcaves | Attached Power Bank, gained temporary slots: Power x3 1715 | -10/Subcaves | Lost 4 parts (1p1n1u1w) 1771 | -10/Subcaves | Discovered new exit (range 7) 1993 | -10/Subcaves | Disturbed a concealed Subdweller 2027 | -10/Subcaves | Core integrity fell below 50% 2130 | -10/Subcaves | A swath of the cavern ceiling suddenly collapsed 2520 | -10/Subcaves | Core integrity fell below 20% 2724 | -10/Subcaves | A swath of the cavern ceiling suddenly collapsed 3425 | -10/Subcaves | Destroyed by C4-AUZ(R) with Subdweller Laser Last Messages --------------- 03357_ Found Sub. Power Source. 03357_ Found Sub. Optics. 03357_ Found 49 Matter. 03359_ Searching scrap... 03359_ Found Sub. Monowheel. 03359_ Found Spk. Treads. 03359_ Found 58 Matter. 03360_ Searching scrap... 03360_ Found Sub. Laser. 03360_ Found Scrap Shield. 03360_ Found 64 Matter. 03361_ Searching scrap... 03361_ Found Sub. Machine Gun. 03361_ Found Sub. Monowheel. 03361_ Found 42 Matter. 03367_ Dropped Com. Wheel. 03369_ Acquired Spk. Treads. 03372_ Acquired 20 matter. 03398_ Acquired 10 matter. 03404_ Acquired 30 matter. Map ----- +----------------------------------------------------+ | | | | | | | | | | | | | | | | | | | | | | | | | | | | | ?????????????????????????????????????????????????? | | ??????????????????????########???????????????????? | | ????????????????????###"" "" ###?????????????????? | | ???????????????????## " ##????????????????? | | ???????????????????#" =* ] "#????????????????? | | ??????????????????## "[%%%| "##???????????????? | | ??????????????????#"" "*%#%| "" #???????????????? | | ??????????????????#< ^!%%%[ " "#???????????????? | | ??????????????????#< = [ != "#???????????????? | | ??????????????????#< ##### #???????????????? | | ??????????????????#" # &##???????????????? | | ??????????????????##" ## @ &#????????????????? | | ???????????????????####< ## <#